 Dungeon Sprint DCSS version 0.30-a0-279-g4b46babb21 (webtiles) character file.

Game seed: 4084780390984139372

51 rocky1 the Insei (level 3, -3/39 HPs)
             Began as an Octopode Transmuter on Oct 17, 2022.
             Slain by a water elemental (21 damage)
             ... in the Dungeon (Sprint III: "The Ten Rune Challenge").
             The game lasted 00:02:46 (639 turns).

rocky1 the Insei (Octopode Transmuter)               Turns: 639, Time: 00:02:46

Health: -3/39      AC:  1    Str:  9    XL:     3   Next: 83%
Magic:  6/7        EV: 14    Int: 17    God:
Gold:   11         SH:  0    Dex: 12    Spells: 4/8 levels left

rFire   . . .      SeeInvis .      - Unarmed
rCold   . . .      Faith    .    (no shield)
rNeg    . . .      Spirit   .    (helmet currently unavailable)
rPois   .          Reflect  .    (no amulet)
rElec   .          Harm     .    (no ring)
rCorr   .          Rampage  .    (no ring)
Will    .....      NoTele   +    (no ring)
Stlth   ..........               (no ring)
HPRegen 0.26/turn                (no ring)
MPRegen 0.10/turn                (no ring)
                                 (no ring)
                                 (no ring)

@: berserking, appendages, engulfed, very quick
A: tentacle spike 3, almost no armour, amphibious, 8 rings, camouflage 1,
gelatinous body 1, (nimble swimmer 1), tentacles
a: End Transformation


You were in the Dungeon.
One of your tentacles had grown a beastly spike.
You visited 1 branch You collected 11 gold pieces.

Inventory:

Scrolls
 g - a scroll of blinking
 h - a scroll of silence {unknown}
 i - a scroll of poison {unknown}
 j - 3 scrolls of identify
 m - a scroll of immolation {unknown}
Potions
 a - a potion of lignification
 b - a potion of curing
 c - a potion of heal wounds
 d - a potion of haste
 e - 2 potions of magic
 k - 3 potions of flight
 l - 5 potions of mutation


   Skills:
 + Level 3.2 Fighting
 + Level 3.6 Dodging
 + Level 4.3 Unarmed Combat
 + Level 3.4 Spellcasting
 + Level 3.6 Transmutations


You had 4 spell levels left.
You knew the following spells:

 Your Spells              Type           Power      Damage    Failure   Level
a - Beastly Appendage     Tmut           30%        N/A       3%          1
b - Spider Form           Tmut/Pois      9%         N/A       24%         3

Your spell library contained the following spells:

 Spells                   Type           Power      Damage    Failure   Level
 Wereblood                Tmut           15%        N/A       5%          2
 Ice Form                 Ice/Tmut       9%         N/A       61%         4


Dungeon Overview and Level Annotations

Branches:
Dungeon (1/1)

Altars:


Innate Abilities, Weirdness & Mutations

One of your tentacles has grown a beastly spike.
You cannot wear most types of armour.
You are amphibious.
You can wear up to eight rings at the same time.
Your skin changes colour to match your surroundings (Stealth+).
Your rubbery body absorbs attacks. (AC +1, EV +1)
((You are camouflaged when in or above water. (Stealth+)))
You have tentacles for arms and can constrict up to eight enemies at once.


Message History

You now have 6 gold pieces.
You now have 11 gold pieces (gained 5).
i - a scroll labelled GOFAEFUNICH;
j - 2 scrolls of identify
k - a potion of flight
Things that are here:
a potion of mutation; a potion of mutation
l - a potion of mutation;
l - 2 potions of mutation (gained 1)
l - 3 potions of mutation (gained 1);
m - a scroll labelled KAZOBRIDWO
j - 3 scrolls of identify (gained 1);
l - 5 potions of mutation (gained 2)
k - 3 potions of flight (gained 2)
There is an open door here.
You start waiting.
Done waiting.
You're too inexperienced to learn that spell!
You open the door.
A water elemental comes into view.
Casting: Spider Form (extremely dangerous; 24% risk of failure)
Confirm with . or Enter, or press ? or * to list all spells.
Okay, then.
Casting: Spider Form (extremely dangerous; 24% risk of failure)
Confirm with . or Enter, or press ? or * to list all spells.
One of your tentacles grows a vicious spike.
Unknown command.
There is an open door to the Ecumenical Temple here.
The helpless water elemental fails to defend itself.
You tentacle-slap the water elemental.
You pierce the water elemental.
The water elemental is lightly damaged.
The water elemental hits you!
Ouch! That really hurt!
The water elemental engulfs you in water!
Unknown command.
A red film seems to cover your vision as you go berserk!
You feel yourself moving faster!
You feel mighty! The water elemental misses you.
You bludgeon the water elemental!
Your squeeze misses the water elemental.
The water elemental is heavily damaged.
The water elemental hits you!!
Ouch! That really hurt!
You die...

▓▓▓▓▓▓ ▓▓▓ .#$..####
##.# .#......#####..#
##.......#..#..#
.##.##...#..#..###+#+###
.##.###..##'#..#........
####.##..###...'.⌠......
##..##..####...#@..####
....##..###÷...#.E.#
#..##)..##.....#...#
†.##....#......#+###
.###..##.#.....# .#
#..#####....# ▓▓ ▓▓▓▓
▓▓▓▓▓▓


You could see a water elemental.

Vanquished Creatures
  Jessica (D)
  A human (D)
  A phantom (D)
  An endoplasm (D)
  2 rats (D)
6 creatures vanquished.

Notes
Turn   | Place    | Note
-------+----------+-------------------------------------------
     0 | D        | rocky1 the Octopode Transmuter began the quest for the Orb.
     0 | D        | Reached XP level 1. HP: 13/13 MP: 3/3
    43 | D        | Noticed Jessica
    51 | D        | Killed Jessica
    52 | D        | Reached skill level 4 in Unarmed Combat
    52 | D        | Reached XP level 2. HP: 8/20 MP: 3/6
    52 | D        | Reached XP level 3. HP: 10/25 MP: 3/7
   221 | D        | Learned a level 3 spell: Spider Form
   633 | D        | Noticed a water elemental
   639 | D        | Slain by a water elemental

Illustrated notes

Levels and vault maps discovered:
D:        dungeon_sprint_mu [sprint_mu_entry_cave, sprint_mu_temple_rooms,
          sprint_mu_d1_horrors, sprint_mu_d2_genie, sprint_mu_d3_branching,
          sprint_mu_orc_legion, sprint_mu_elf_gauntlet, sprint_mu_hive_nellie,
          sprint_mu_lair_fedhas, sprint_mu_vaults_butterflies,
          sprint_mu_slime_circle, sprint_mu_shoals_archi,
          sprint_mu_snake_twists, sprint_mu_blade_basic,
          sprint_mu_crypt_fortress, sprint_mu_tomb_spiral,
          sprint_mu_vestibule_basic, sprint_mu_gehenna_hellfire,
          sprint_mu_dis_giant, sprint_mu_tartarus_statrot,
          sprint_mu_cocytus_islands, sprint_mu_zot1]

Skill      XL: |  1  2  3 |
---------------+----------+-----
Fighting       | 2 3 |  3.2
Dodging        | 3 |  3.6
Unarmed Combat | 4 |  4.3
Spellcasting   | 3 |  3.4
Transmutations | 3 |  3.6

Action                   || total
-------------------------++-------
Melee: Unarmed           ||    25
       Kick              ||     2
       Constrict         ||     1
 Cast: Beastly Appendage ||     2
       Spider Form       ||     2
  Use: Potion            ||     1
 Stab: Sleeping          ||     2
Armor: Skin              ||     1
Dodge: Dodged            ||    11

Table legend: (Time is in decaauts)
 A = Elapsed time spent in this place.
 B = Non-inter-level travel time spent in this place.
 C = Inter-level travel time spent in this place.
 D = Time resting spent in this place.
 E = Time spent auto-exploring this place.
 F = Levels seen in this place.
 G = Mean time per level.
                   A        B        C        D        E       F      G
               +--------+--------+--------+--------+--------+-----+--------+
         Total |    637 |    637 |      0 |    517 |     14 |   1 |  637.0 |
       Dungeon |    637 |    637 |      0 |    517 |     14 |   1 |  637.0 |
               +--------+--------+--------+--------+--------+-----+--------+

Top non-repeatable levels by time:
       D: 637 daAuts
